TOP OF THE 1ST |
Seattle Rainiers batting - Pitching for Salem Sledgehammers : LHP Carlos Castillo
|
Pitching: LHP Carlos Castillo
|
|
Batting: RHB Aaron Holt
|
0-0: Called Strike 0-1: Called Strike 0-2: Ball 1-2: Foul Ball, location: 2F 1-2: Strikes out looking
|
Batting: RHB Pedro Rodríguez
|
0-0: Ball 1-0: Called Strike 1-1: Swinging Strike 1-2: Strikes out looking
|
Batting: SHB Glenn Vadnais
|
0-0: Called Strike 0-1: Called Strike 0-2: Ball 1-2: Ball 2-2: Foul Ball, location: 2F 2-2: Ground out U3 (Groundball, 3S)
|
Top of the 1st over - 0 run(s), 0 hit(s), 0 error(s), 0 left on base; Seattle 0 - Salem 0 |
BOTTOM OF THE 1ST |
Salem Sledgehammers batting - Pitching for Seattle Rainiers : RHP Beau Murphy
|
Pitching: RHP Beau Murphy
|
|
Batting: RHB William Richardson
|
0-0: Ground out 4-3 (Groundball, 4M)
|
Batting: RHB Brandon Pope
|
0-0: Ball 1-0: Ball 2-0: Ball 3-0: Base on Balls
|
Batting: SHB Lee Townsend
|
0-0: Hit by Pitch Brandon Pope to second
|
Batting: RHB Earnest Finnegan
|
0-0: Ball 1-0: Called Strike 1-1: Foul Ball, location: 2F 1-2: Strikes out looking
|
Batting: SHB Pepe Pińa
|
0-0: Called Strike 0-1: Ball 1-1: Ball 2-1: Called Strike 2-2: Foul Ball, location: 2F 2-2: Ground out 4-3 (Groundball, 4)
|
Bottom of the 1st over - 0 run(s), 0 hit(s), 0 error(s), 2 left on base; Seattle 0 - Salem 0 |
TOP OF THE 2ND |
Seattle Rainiers batting - Pitching for Salem Sledgehammers : LHP Carlos Castillo
|
Batting: RHB Chris Parker
|
0-0: Fly out, F8 (Flyball, 89M)
|
Batting: SHB Francisco Lópes
|
0-0: Called Strike 0-1: Called Strike 0-2: Ball 1-2: Foul Ball, location: 2F 1-2: Strikes out looking
|
Batting: RHB Jeremy Carr
|
0-0: Ball 1-0: Ball 2-0: Ball 3-0: Base on Balls
|
Batting: RHB José Gómez
|
0-0: Ball Jeremy Carr is caught stealing 2nd base
|
Top of the 2nd over - 0 run(s), 0 hit(s), 0 error(s), 0 left on base; Seattle 0 - Salem 0 |
BOTTOM OF THE 2ND |
Salem Sledgehammers batting - Pitching for Seattle Rainiers : RHP Beau Murphy
|
Batting: SHB Júlio Salazar
|
0-0: Called Strike 0-1: Swinging Strike 0-2: Strikes out swinging
|
Batting: LHB Brent Alonzo
|
0-0: Ball 1-0: Swinging Strike 1-1: Foul Ball, location: 2F 1-2: Ball 2-2: Ball 3-2: Ground out 3-1 (Groundball, 34)
|
Batting: RHB Fernando Pérez
|
0-0: Ground out 6-3 (Groundball, 6)
|
Bottom of the 2nd over - 0 run(s), 0 hit(s), 0 error(s), 0 left on base; Seattle 0 - Salem 0 |
TOP OF THE 3RD |
Seattle Rainiers batting - Pitching for Salem Sledgehammers : LHP Carlos Castillo
|
Batting: RHB José Gómez
|
0-0: Ball 1-0: Called Strike 1-1: Foul Ball, location: 2F 1-2: Ball 2-2: Strikes out swinging
|
Batting: LHB Norbert Mosley
|
0-0: Foul Ball, location: 2F 0-1: Ball 1-1: Ball 2-1: Ball 3-1: Fly out, F9 (Popup, 89S)
|
Batting: RHB Elpidio Martinho
|
0-0: Ball 1-0: Ball 2-0: Foul Ball, location: 2F 2-1: Ball 3-1: Foul Ball, location: 2F 3-2: Foul Ball, location: 2F 3-2: Base on Balls
|
Batting: RHB Aaron Holt
|
0-0: Ground out 4-3 (Groundball, 4)
|
Top of the 3rd over - 0 run(s), 0 hit(s), 0 error(s), 1 left on base; Seattle 0 - Salem 0 |
BOTTOM OF THE 3RD |
Salem Sledgehammers batting - Pitching for Seattle Rainiers : RHP Beau Murphy
|
Batting: RHB Ryan Cates
|
0-0: Called Strike 0-1: Ball 1-1: Ball 2-1: Foul Ball, location: 2F 2-2: Strikes out swinging
|
Batting: RHB William Richardson
|
0-0: Called Strike 0-1: Foul Ball, location: 2F 0-2: Fly out, F8 (Flyball, 8RS)
|
Batting: RHB Brandon Pope
|
0-0: Ball 1-0: Ball 2-0: Fly out, F8 (Flyball, 78M)
|
Bottom of the 3rd over - 0 run(s), 0 hit(s), 0 error(s), 0 left on base; Seattle 0 - Salem 0 |
TOP OF THE 4TH |
Seattle Rainiers batting - Pitching for Salem Sledgehammers : LHP Carlos Castillo
|
Batting: RHB Pedro Rodríguez
|
0-0: Swinging Strike 0-1: Ball 1-1: Called Strike 1-2: Ball 2-2: Strikes out swinging
|
Batting: SHB Glenn Vadnais
|
0-0: Swinging Strike 0-1: Called Strike 0-2: Foul Ball, location: 2F 0-2: Strikes out swinging
|
Batting: RHB Chris Parker
|
0-0: Ball 1-0: Ball 2-0: Ball 3-0: Called Strike 3-1: Ground out 4-3 (Groundball, 4)
|
Top of the 4th over - 0 run(s), 0 hit(s), 0 error(s), 0 left on base; Seattle 0 - Salem 0 |
BOTTOM OF THE 4TH |
Salem Sledgehammers batting - Pitching for Seattle Rainiers : RHP Beau Murphy
|
Batting: SHB Lee Townsend
|
0-0: Called Strike 0-1: Ball 1-1: Ground out 1-3 (Groundball, 13)
|
Batting: RHB Earnest Finnegan
|
0-0: Ball 1-0: Ball 2-0: Ground out 5-3 (Groundball, 56)
|
Batting: SHB Pepe Pińa
|
0-0: Ball 1-0: Called Strike 1-1: Ball 2-1: Ground out U3 (Groundball, 3S)
|
Bottom of the 4th over - 0 run(s), 0 hit(s), 0 error(s), 0 left on base; Seattle 0 - Salem 0 |
TOP OF THE 5TH |
Seattle Rainiers batting - Pitching for Salem Sledgehammers : LHP Carlos Castillo
|
Batting: SHB Francisco Lópes
|
0-0: Swinging Strike 0-1: Ball 1-1: Swinging Strike 1-2: Foul Ball, location: 2F 1-2: Foul Ball, location: 2F 1-2: Strikes out swinging
|
Batting: RHB Jeremy Carr
|
0-0: Called Strike 0-1: Ball 1-1: Swinging Strike 1-2: Foul Ball, location: 2F 1-2: Ball 2-2: Ball 3-2: Foul Ball, location: 2F 3-2: Strikes out looking
|
Batting: RHB José Gómez
|
0-0: Foul Ball, location: 2F 0-1: Ground out 3-1 (Groundball, 34)
|
Top of the 5th over - 0 run(s), 0 hit(s), 0 error(s), 0 left on base; Seattle 0 - Salem 0 |
BOTTOM OF THE 5TH |
Salem Sledgehammers batting - Pitching for Seattle Rainiers : RHP Beau Murphy
|
Batting: SHB Júlio Salazar
|
0-0: Bunted foul 0-1: Ground out 4-3 (Groundball, 4)
|
Batting: LHB Brent Alonzo
|
0-0: Called Strike 0-1: Swinging Strike 0-2: Strikes out swinging
|
Batting: RHB Fernando Pérez
|
0-0: Ball 1-0: Ball 2-0: Called Strike 2-1: Fly out, F7 (Flyball, 7M)
|
Bottom of the 5th over - 0 run(s), 0 hit(s), 0 error(s), 0 left on base; Seattle 0 - Salem 0 |
TOP OF THE 6TH |
Seattle Rainiers batting - Pitching for Salem Sledgehammers : LHP Carlos Castillo
|
Batting: LHB Norbert Mosley
|
0-0: Ball 1-0: Swinging Strike 1-1: Swinging Strike 1-2: Strikes out swinging
|
Batting: RHB Elpidio Martinho
|
0-0: Ground out 4-3 (Groundball, 4)
|
Batting: RHB Aaron Holt
|
0-0: Ball 1-0: Ball 2-0: Ball 3-0: Foul Ball, location: 2F 3-1: Foul Ball, location: 2F 3-2: SINGLE (Groundball, 6MD) (infield hit)
|
Pitching: LHP Nick Johnson
|
|
Batting: RHB Pedro Rodríguez
|
0-0: Ball 1-0: Called Strike 1-1: Ball 2-1: Foul Ball, location: 2F 2-2: Foul Ball, location: 2F 2-2: Ball 3-2: Foul Ball, location: 2F 3-2: Foul Ball, location: 2F 3-2: SINGLE (Groundball, 56D) Aaron Holt to second Aaron Holt to third
|
Batting: SHB Glenn Vadnais
|
0-0: Ball 1-0: Ball 2-0: Called Strike 2-1: Ball 3-1: Base on Balls Pedro Rodríguez to second
|
Batting: RHB Chris Parker
|
0-0: Ball 1-0: Called Strike 1-1: Ball 2-1: SINGLE (Groundball, 34) Aaron Holt scores Pedro Rodríguez to third Glenn Vadnais to second Runner from 3rd tries for Home, SAFE, no throw or cutoff
|
Batting: SHB Francisco Lópes
|
0-0: Called Strike 0-1: Foul Ball, location: 2F 0-2: Ball 1-2: Ball 2-2: Strikes out looking
|
Top of the 6th over - 2 run(s), 3 hit(s), 0 error(s), 2 left on base; Seattle 2 - Salem 0 |
BOTTOM OF THE 6TH |
Salem Sledgehammers batting - Pitching for Seattle Rainiers : RHP Beau Murphy
|
Batting: RHB Ryan Cates
|
0-0: Called Strike 0-1: Called Strike 0-2: Ball 1-2: Fly out, F4 (Popup, 34D)
|
Batting: RHB William Richardson
|
0-0: Called Strike 0-1: Ball 1-1: Ball 2-1: Ball 3-1: Base on Balls
|
Batting: RHB Brandon Pope
|
0-0: Ball William Richardson is caught stealing 2nd base 1-0: SINGLE (Groundball, 56D)
|
Batting: SHB Lee Townsend
|
0-0: Foul Ball, location: 2F 0-1: SINGLE (Groundball, 4M) Brandon Pope to second
|
Batting: RHB Earnest Finnegan
|
0-0: Ground out 6-3 (Groundball, 6)
|
Bottom of the 6th over - 0 run(s), 2 hit(s), 0 error(s), 2 left on base; Seattle 2 - Salem 0 |
TOP OF THE 7TH |
Seattle Rainiers batting - Pitching for Salem Sledgehammers : LHP Nick Johnson
|
Batting: RHB Jeremy Carr
|
0-0: Called Strike 0-1: Foul Ball, location: 2F 0-2: Ball 1-2: Strikes out swinging
|
Batting: RHB José Gómez
|
0-0: Ball 1-0: Ball 2-0: Ball 3-0: Base on Balls
|
Batting: LHB Norbert Mosley
|
0-0: Ball 1-0: Foul Ball, location: 2F 1-1: Ball 2-1: Ball 3-1: Base on Balls José Gómez to second
|
Pinch Hitting: LHB Tom Baker
|
0-0: Swinging Strike 0-1: Fly out, F9 (Flyball, 9M)
|
Pinch Hitting: RHB Vincent Fields
|
0-0: Ball 1-0: Swinging Strike 1-1: Ball 2-1: Swinging Strike 2-2: Foul Ball, location: 2F 2-2: Strikes out looking
|
Top of the 7th over - 0 run(s), 0 hit(s), 0 error(s), 2 left on base; Seattle 2 - Salem 0 |
BOTTOM OF THE 7TH |
Salem Sledgehammers batting - Pitching for Seattle Rainiers : RHP Beau Murphy
|
Now at 2B: Bill Dawson
|
|
Now at 3B: Tony Rivera
|
|
Batting: SHB Pepe Pińa
|
0-0: Called Strike 0-1: Fly out, F7 (Flyball, 7M)
|
Batting: SHB Júlio Salazar
|
0-0: Called Strike 0-1: Fly out, F8 (Line Drive, 8LM)
|
Batting: LHB Brent Alonzo
|
0-0: Foul Ball, location: 2F 0-1: Called Strike 0-2: Strikes out swinging
|
Bottom of the 7th over - 0 run(s), 0 hit(s), 0 error(s), 0 left on base; Seattle 2 - Salem 0 |
TOP OF THE 8TH |
Seattle Rainiers batting - Pitching for Salem Sledgehammers : LHP Nick Johnson
|
Pitching: RHP Omar Camacho
|
|
Batting: RHB Pedro Rodríguez
|
0-0: Ground out 5-3 (Groundball, 5)
|
Batting: SHB Glenn Vadnais
|
0-0: Called Strike 0-1: Foul Ball, location: 2F 0-2: Ball 1-2: DOUBLE (Line Drive, 9LS)
|
Batting: RHB Chris Parker
|
0-0: Intentional Walk
|
Batting: SHB Francisco Lópes
|
0-0: Ball 1-0: Foul Ball, location: 2F 1-1: Foul Ball, location: 2F 1-2: Ball 2-2: Strikes out swinging
|
Pinch Hitting: LHB Juan Viera
|
0-0: Fielders Choice at 2nd, 6-4 (Groundball, 6)
|
Top of the 8th over - 0 run(s), 1 hit(s), 0 error(s), 1 left on base; Seattle 2 - Salem 0 |
BOTTOM OF THE 8TH |
Salem Sledgehammers batting - Pitching for Seattle Rainiers : RHP Beau Murphy
|
Now in LF: Juan Viera
|
|
Batting: RHB Fernando Pérez
|
0-0: Ball 1-0: Ball 2-0: Ball 3-0: Base on Balls
|
Batting: RHB Ryan Cates
|
0-0: Ball 1-0: Grounds into double play, 6-4-3 (Groundball, 6)
|
Batting: RHB William Richardson
|
0-0: Ball 1-0: Called Strike 1-1: Ball 2-1: SINGLE (Groundball, 4MD)
|
Pitching: RHP Júlio Quintana
|
|
Batting: RHB Brandon Pope
|
0-0: Ball 1-0: Reached on error, E5 (Groundball, 5S) William Richardson to third
|
Batting: SHB Lee Townsend
|
0-0: Called Strike 0-1: Ball 1-1: Ball 2-1: Foul Ball, location: 2F 2-2: Foul Ball, location: 2F 2-2: Foul Ball, location: 2F 2-2: Ball 3-2: Foul Ball, location: 2F 3-2: Strikes out looking
|
Bottom of the 8th over - 0 run(s), 1 hit(s), 1 error(s), 2 left on base; Seattle 2 - Salem 0 |
TOP OF THE 9TH |
Seattle Rainiers batting - Pitching for Salem Sledgehammers : RHP Omar Camacho
|
Pitching: RHP Rick Haynes
|
|
Batting: RHB José Gómez
|
0-0: Foul Ball, location: 2F 0-1: Ball 1-1: Ball 2-1: Ball 3-1: Called Strike 3-2: Foul Ball, location: 2F 3-2: Foul Ball, location: 2F 3-2: Base on Balls
|
Pitching: LHP Allen Purss
|
|
Batting: LHB Norbert Mosley
|
0-0: Sac Bunt - play at first, batter OUT! 1-3 José Gómez to second
|
Pitching: RHP Carlos Morán
|
|
Batting: LHB Tony Rivera
|
0-0: Intentional Walk
|
Batting: RHB Bill Dawson
|
0-0: Ball 1-0: Foul Ball, location: 2F 1-1: Ball 2-1: Foul Ball, location: 2F 2-2: Foul Ball, location: 2F 2-2: Foul Ball, location: 2F 2-2: Foul Ball, location: 2F 2-2: Foul Ball, location: 2F 2-2: Strikes out looking
|
Batting: RHB Pedro Rodríguez
|
0-0: Called Strike 0-1: Swinging Strike 0-2: Fly out, F8 (Line Drive, 8RM)
|
Top of the 9th over - 0 run(s), 0 hit(s), 0 error(s), 2 left on base; Seattle 2 - Salem 0 |
BOTTOM OF THE 9TH |
Salem Sledgehammers batting - Pitching for Seattle Rainiers : RHP Júlio Quintana
|
Pitching: RHP Jorge Chávez
|
|
Batting: RHB Earnest Finnegan
|
0-0: Ball 1-0: Ball 2-0: Foul Ball, location: 2F 2-1: Ball 3-1: Fly out, F5 (Line Drive, 5S)
|
Batting: SHB Pepe Pińa
|
0-0: Called Strike 0-1: Ball 1-1: Ball 2-1: Called Strike 2-2: Foul Ball, location: 2F 2-2: Fly out, F4 (Popup, 4MD)
|
Batting: SHB Júlio Salazar
|
0-0: Ball 1-0: Ball 2-0: Fly out, F9 (Flyball, 89S)
|
Bottom of the 9th over - 0 run(s), 0 hit(s), 0 error(s), 0 left on base; Seattle 2 - Salem 0 |
|